 Dungeon Crawl Stone Soup version 0.29-a0-330-g52719c12eb (webtiles) character file.

Game seed: 1808389215630562440

32 kae the Gusty (level 3, 0/31 HPs)
             Began as an Ogre Air Elementalist on Apr 13, 2022.
             Slain by a frilled lizard (2 damage)
             ... on level 2 of the Dungeon.
             The game lasted 00:01:01 (1353 turns).

kae the Gusty (Ogre Air Elementalist)               Turns: 1353, Time: 00:01:02

Health: 0/31       AC:  3    Str: 12    XL:     3   Next: 25%
Magic:  1/7        EV:  9    Int: 18    God:
Gold:   22         SH:  0    Dex:  9    Spells: 6/7 levels left

rFire   . . .      SeeInvis .   d - +1 dagger (speed)
rCold   . . .      Faith    .   (no shield)
rNeg    . . .      Spirit   .   a - +0 robe
rPois   .          Reflect  .   (helmet restricted)
rElec   .          Harm     .   (no cloak)
rCorr   .          Rampage  .   (gloves unavailable)
Will    .....                   (boots unavailable)
Stlth   +.........              (no amulet)
HPRegen 0.10/turn               (no ring)
MPRegen 0.10/turn               (no ring)

@: mighty
A: large, unfitting armour, tough skin 1
a: no special abilities


You were on level 2 of the Dungeon.
You visited 1 branch of the dungeon, and saw 2 of its levels.

You collected 22 gold pieces.

Inventory:

Hand Weapons
 d - a +1 dagger of speed (weapon)
Armour
 a - a +0 robe (worn)
Scrolls
 c - 2 scrolls of identify
Potions
 b - a potion of magic
 g - a potion of might


   Skills:
 - Level 1.7 Dodging
 - Level 1.4 Stealth
 + Level 2.9 Spellcasting
 + Level 1.5 Conjurations
 * Level 3.3 Air Magic


You had 6 spell levels left.
You knew the following spells:

 Your Spells              Type           Power      Damage    Failure   Level
a - Shock                 Conj/Air       44%        1d5       6%          1

Your spell library contained the following spells:

 Spells                   Type           Power      Damage    Failure   Level
 Static Discharge         Conj/Air       11%        N/A       10%         2
 Swiftness                Air            14%        N/A       12%         3
 Airstrike                Air            7%         N/A       38%         4


Dungeon Overview and Level Annotations

Branches:
Dungeon (2/15)

Altars:


Innate Abilities, Weirdness & Mutations

You are too large for most types of armour.
You have tough skin. (AC +1)


Message History

You feel sick.
You are no longer poisoned.
The adder barely misses you.
You puncture the adder!
You kill the adder!
The frilled lizard bites you but does no damage.
You have reached level 3!
Your experience leads to an increase in your attributes!
Increase (S)trength, (I)ntelligence, or (D)exterity?
You feel clever. x2; You feel stronger.
You barely miss the giant cockroach. The frilled lizard bites you.
* * * LOW HITPOINT WARNING * * *
You barely miss the frilled lizard. The giant cockroach closely misses you.
You closely miss the giant cockroach. The giant cockroach barely misses you.
The frilled lizard bites you.
* * * LOW HITPOINT WARNING * * *
You hit the giant cockroach.
The giant cockroach is heavily wounded.
The giant cockroach completely misses you.
You barely miss the giant cockroach.
The giant cockroach is heavily wounded.
The frilled lizard barely misses you.
You barely miss the giant cockroach.
The giant cockroach is heavily wounded.
The giant cockroach closely misses you. The frilled lizard bites you.
* * * LOW HITPOINT WARNING * * *
You closely miss the giant cockroach.
The giant cockroach is heavily wounded.
The giant cockroach bites you but does no damage.
You barely miss the giant cockroach.
The giant cockroach is heavily wounded.
The frilled lizard misses you. The giant cockroach bites you.
* * * LOW HITPOINT WARNING * * *
You barely miss the giant cockroach.
The giant cockroach is heavily wounded.
The frilled lizard barely misses you.
You hit the giant cockroach.
You kill the giant cockroach!
You miss the frilled lizard. The frilled lizard bites you.
You die...

... ##### #....
#<..# .#....#
#.).# <...>..###
#@..#
.........###rl##
$.........##..#
$............##
....)......#.#
.......?...#.#
........r..#.#
.......?...#.#
..........##.#


You could see a quokka and a frilled lizard.

Vanquished Creatures
  An adder (D:2)
  A dart slug (D:1)
  2 ball pythons (D:1)
  3 endoplasms
  2 giant cockroaches
  A goblin (D:1)
  3 hobgoblins
  A quokka (D:2)
  2 bats
  2 kobolds
  A rat (D:2)
19 creatures vanquished.

Notes
Turn   | Place    | Note
-------+----------+-------------------------------------------
     0 | D:1      | kae the Ogre Air Elementalist began the quest for the Orb.
     0 | D:1      | Reached XP level 1. HP: 16/16 MP: 3/3
   105 | D:1      | Reached skill level 1 in Conjurations
   236 | D:1      | Reached XP level 2. HP: 14/24 MP: 0/5
   243 | D:1      | Reached skill level 3 in Air Magic
  1343 | D:2      | Reached XP level 3. HP: 7/31 MP: 1/7
  1353 | D:2      | Slain by a frilled lizard

Illustrated notes

Levels and vault maps discovered:
D:1:      dpeg_arrival_castle, layout_basic, minmay_misc_feat_diagonals
D:2:      layout_rooms, basic_altar, minmay_bisected, uniq_robin, uniq_terence

Skill      XL: |  1  2 |
---------------+-------+-----
Conjurations   | 1 |  1.5
Air Magic      | 3 |  3.3
Dodging        | |  1.7
Stealth        | |  1.4
Spellcasting   | |  2.9

Action                   || total
-------------------------++-------
Melee: Dagger            ||    50
       Unarmed           ||     2
 Cast: Shock             ||    29
  Use: Scroll            ||     5
       Potion            ||     2
Armor: Robe              ||    22
Dodge: Dodged            ||    28

Table legend: (Time is in decaauts)
 A = Elapsed time spent in this place.
 B = Non-inter-level travel time spent in this place.
 C = Inter-level travel time spent in this place.
 D = Time resting spent in this place.
 E = Time spent auto-exploring this place.
 F = Levels seen in this place.
 G = Mean time per level.
                   A        B        C        D        E       F      G
               +--------+--------+--------+--------+--------+-----+--------+
         Total |   1341 |   1304 |     37 |    231 |    924 |   2 |  670.5 |
       Dungeon |   1341 |   1304 |     37 |    231 |    924 |   2 |  670.5 |
               +--------+--------+--------+--------+--------+-----+--------+

Top non-repeatable levels by time:
     D:1: 1155 daAuts
     D:2: 186 daAuts
